SAAA
AUGUSTA TIMBER HAWKS @ VERMONT LAKE MONSTERS
05/29/2024
 
TOP OF THE 1ST
Augusta Timber Hawks batting - Pitching for Vermont Lake Monsters : RHP Ramón Molina
Pitching: RHP Ramón Molina
Batting: SHB Manuel González 0-0: Called Strike
0-1: Ball
1-1: Called Strike
1-2: SINGLE (Line Drive, 4MD)
Batting: RHB Ralph McKnight 0-0: Called Strike
0-1: Foul Ball, location: 2F
0-2: Ball
1-2: Ball
2-2: Fielders Choice at 2nd, 1-6 (Groundball, 25)
Batting: LHB Chris Rice 0-0: Called Strike
0-1: Ball
1-1: Called Strike
1-2: Ball
2-2: Strikes out swinging
Batting: RHB Bob Sargent 0-0: Swinging Strike
0-1: Ball
1-1: Ball
2-1: Called Strike
Ralph McKnight steals 2nd base
2-2: Strikes out swinging
Top of the 1st over - 0 run(s), 1 hit(s), 0 error(s), 1 left on base; Augusta 0 - Vermont 0
BOTTOM OF THE 1ST
Vermont Lake Monsters batting - Pitching for Augusta Timber Hawks : RHP Iván Castillo
Pitching: RHP Iván Castillo
Batting: RHB Fernando Castro 0-0: Called Strike
0-1: Ground out 5-3 (Groundball, 5)
Batting: RHB Ray John 0-0: Ball
1-0: Ball
2-0: Fly out, F9 (Popup, 4D)
Batting: RHB Sean MacKnight 0-0: Ball
1-0: Ball
2-0: Ball
3-0: Base on Balls
Batting: RHB Floyd Mitchell 0-0: Ball
Wild Pitch!
Sean MacKnight to second
1-0: Ground out 6-3 (Groundball, 56)
Bottom of the 1st over - 0 run(s), 0 hit(s), 0 error(s), 1 left on base; Augusta 0 - Vermont 0
TOP OF THE 2ND
Augusta Timber Hawks batting - Pitching for Vermont Lake Monsters : RHP Ramón Molina
Batting: RHB Hiwahikeiki Noelani 0-0: Ground out 6-3 (Groundball, 6)
Batting: LHB Juan Gabriel 0-0: Ball
1-0: Fly out, F9 (Flyball, 9M)
Batting: RHB Danny Penn 0-0: Swinging Strike
0-1: Swinging Strike
0-2: Strikes out swinging
Top of the 2nd over - 0 run(s), 0 hit(s), 0 error(s), 0 left on base; Augusta 0 - Vermont 0
BOTTOM OF THE 2ND
Vermont Lake Monsters batting - Pitching for Augusta Timber Hawks : RHP Iván Castillo
Batting: LHB Manny Valentín 0-0: Ball
1-0: Ground out U3 (Groundball, 3)
Batting: RHB Raúl Valadez 0-0: Ground out 5-3 (Groundball, 5S)
Batting: RHB Teddy Pelham 0-0: Called Strike
0-1: Ball
1-1: Ball
2-1: Swinging Strike
2-2: Foul Ball, location: 2F
2-2: Strikes out swinging
Bottom of the 2nd over - 0 run(s), 0 hit(s), 0 error(s), 0 left on base; Augusta 0 - Vermont 0
TOP OF THE 3RD
Augusta Timber Hawks batting - Pitching for Vermont Lake Monsters : RHP Ramón Molina
Batting: RHB Enrique Pimentel 0-0: Called Strike
0-1: Ball
1-1: Ground out 3-1 (Groundball, 34S)
Batting: RHB Marlon Cummins 0-0: Ball
1-0: Called Strike
1-1: Called Strike
1-2: Foul Ball, location: 2F
1-2: Foul Ball, location: 2F
1-2: Foul Ball, location: 2F
1-2: Ball
2-2: Ground out 6-3 (Groundball, 6)
Batting: SHB Manuel González 0-0: Bunt for hit - play at first, batter safe!
Batting: RHB Ralph McKnight 0-0: Ball
Manuel González is caught stealing 2nd base
Top of the 3rd over - 0 run(s), 1 hit(s), 0 error(s), 0 left on base; Augusta 0 - Vermont 0
BOTTOM OF THE 3RD
Vermont Lake Monsters batting - Pitching for Augusta Timber Hawks : RHP Iván Castillo
Batting: LHB Mike Blue 0-0: Ball
1-0: Called Strike
1-1: Ball
2-1: Fly out, F4 (Popup, 4S)
Batting: RHB Bronson Nicholls 0-0: Ball
1-0: Called Strike
1-1: SINGLE (Groundball, 56)
Batting: RHB Fernando Castro 0-0: Ball
1-0: Called Strike
1-1: Ball
2-1: Fly out, F6 (Popup, 6MS)
Batting: RHB Ray John 0-0: Foul Ball, location: 2F
0-1: Swinging Strike
0-2: Ball
1-2: Ball
2-2: Foul Ball, location: 2F
2-2: Foul Ball, location: 2F
2-2: Foul Ball, location: 2F
Pickoff Throw to First - Error! E1
Bronson Nicholls to second
2-2: Ball
3-2: SINGLE (Groundball, 56D)
Bronson Nicholls to third
Bronson Nicholls scores
Batting: RHB Sean MacKnight 0-0: Ball
1-0: Ball
2-0: Foul Ball, location: 2F
2-1: Ground out 5-3 (Groundball, 5S)
Bottom of the 3rd over - 1 run(s), 2 hit(s), 1 error(s), 1 left on base; Augusta 0 - Vermont 1
TOP OF THE 4TH
Augusta Timber Hawks batting - Pitching for Vermont Lake Monsters : RHP Ramón Molina
Batting: RHB Ralph McKnight 0-0: Ball
1-0: Fly out, F6 (Popup, 5DF)
Batting: LHB Chris Rice 0-0: Ball
1-0: Called Strike
1-1: Ball
2-1: Ball
3-1: SINGLE (Flyball, 7LM)
Batting: RHB Bob Sargent 0-0: Called Strike
0-1: Called Strike
0-2: Strikes out swinging
Batting: RHB Hiwahikeiki Noelani 0-0: Swinging Strike
0-1: Ball
1-1: Called Strike
1-2: SINGLE (Line Drive, 56D)
Chris Rice to second
Batting: LHB Juan Gabriel 0-0: Ball
1-0: Swinging Strike
1-1: Swinging Strike
1-2: Ball
2-2: Strikes out looking
Top of the 4th over - 0 run(s), 2 hit(s), 0 error(s), 2 left on base; Augusta 0 - Vermont 1
BOTTOM OF THE 4TH
Vermont Lake Monsters batting - Pitching for Augusta Timber Hawks : RHP Iván Castillo
Batting: RHB Floyd Mitchell 0-0: Called Strike
0-1: Ball
1-1: Foul Ball, location: 2F
1-2: Ball
2-2: Foul Ball, location: 2F
2-2: Ball
3-2: Reached on error, E5 (Groundball, 5)
Batting: LHB Manny Valentín 0-0: Ball
1-0: Called Strike
1-1: Ball
2-1: Ball
3-1: Swinging Strike
3-2: Strikes out looking
Batting: RHB Raúl Valadez 0-0: Ball
1-0: Called Strike
1-1: Swinging Strike
1-2: Strikes out swinging
Batting: RHB Teddy Pelham 0-0: Called Strike
0-1: Called Strike
0-2: Foul Ball, location: 2F
0-2: Foul Ball, location: 2F
0-2: Foul Ball, location: 2F
0-2: Foul Ball, location: 2F
0-2: Ground out 6-3 (Groundball, 6)
Bottom of the 4th over - 0 run(s), 0 hit(s), 1 error(s), 1 left on base; Augusta 0 - Vermont 1
TOP OF THE 5TH
Augusta Timber Hawks batting - Pitching for Vermont Lake Monsters : RHP Ramón Molina
Batting: RHB Danny Penn 0-0: Called Strike
0-1: Ball
1-1: Ball
2-1: Swinging Strike
2-2: SINGLE (Groundball, 4MD)
Batting: RHB Enrique Pimentel 0-0: Ball
1-0: Bunt missed!
1-1: Sac Bunt - play at first, batter OUT! 1-4
Danny Penn to second
Batting: RHB Marlon Cummins 0-0: Ball
1-0: Swinging Strike
1-1: Ball
2-1: Ground out 5-3 (Groundball, 56)
Batting: SHB Manuel González 0-0: Ball
1-0: Ball
2-0: Called Strike
2-1: Ground out 4-3 (Groundball, 4)
Top of the 5th over - 0 run(s), 1 hit(s), 0 error(s), 1 left on base; Augusta 0 - Vermont 1
BOTTOM OF THE 5TH
Vermont Lake Monsters batting - Pitching for Augusta Timber Hawks : RHP Iván Castillo
Batting: LHB Mike Blue 0-0: Called Strike
0-1: Ball
1-1: Foul Ball, location: 2F
1-2: Ground out 1-3 (Groundball, 3SF)
Batting: RHB Bronson Nicholls 0-0: Foul Ball, location: 2F
0-1: Ball
1-1: Swinging Strike
1-2: Ball
2-2: Foul Ball, location: 2F
2-2: Ball
3-2: Foul Ball, location: 2F
3-2: Ground out 6-3 (Groundball, 6)
Batting: RHB Fernando Castro 0-0: Fly out, F3 (Popup, 23)
Bottom of the 5th over - 0 run(s), 0 hit(s), 0 error(s), 0 left on base; Augusta 0 - Vermont 1
TOP OF THE 6TH
Augusta Timber Hawks batting - Pitching for Vermont Lake Monsters : RHP Ramón Molina
Batting: RHB Ralph McKnight 0-0: SINGLE (Groundball, 6MD)
Pitching: RHP Ed Jacobs
Batting: LHB Chris Rice 0-0: Called Strike
0-1: Swinging Strike
0-2: Foul Ball, location: 2F
0-2: Ball
1-2: Foul Ball, location: 2F
1-2: Ball
2-2: Ground out 3-1 (Groundball, 34S)
Ralph McKnight to second
Batting: RHB Bob Sargent 0-0: Fly out, F7 (Flyball, 7D)
Runner from 2nd tags up, SAFE at 3rd, no throw
Batting: RHB Hiwahikeiki Noelani 0-0: DOUBLE (Line Drive, 7LM)
Ralph McKnight scores
Batting: LHB Juan Gabriel 0-0: Ball
1-0: DOUBLE (Flyball, 89M)
Hiwahikeiki Noelani scores
Batting: RHB Danny Penn 0-0: Ball
1-0: Called Strike
1-1: Ground out 4-3 (Groundball, 34)
Top of the 6th over - 2 run(s), 3 hit(s), 0 error(s), 1 left on base; Augusta 2 - Vermont 1
BOTTOM OF THE 6TH
Vermont Lake Monsters batting - Pitching for Augusta Timber Hawks : RHP Iván Castillo
Batting: RHB Ray John 0-0: Ball
1-0: Ball
2-0: Ball
3-0: Called Strike
3-1: Base on Balls
Batting: RHB Sean MacKnight 0-0: Called Strike
0-1: Swinging Strike
0-2: Ball
1-2: Ball
2-2: Ball
3-2: Fly out, F7 (Line Drive, 78D)
Batting: RHB Floyd Mitchell 0-0: Ball
1-0: Grounds into double play, U6-3 (Groundball, 6M)
Bottom of the 6th over - 0 run(s), 0 hit(s), 0 error(s), 0 left on base; Augusta 2 - Vermont 1
TOP OF THE 7TH
Augusta Timber Hawks batting - Pitching for Vermont Lake Monsters : RHP Ed Jacobs
Batting: RHB Enrique Pimentel 0-0: Ball
1-0: Ball
2-0: Ground out 6-3 (Groundball, 6S)
Batting: RHB Marlon Cummins 0-0: Ball
1-0: Swinging Strike
1-1: Ball
2-1: Ball
3-1: Base on Balls
Pinch Hitting: RHB Claudio Mendoza 0-0: Ball
1-0: Ball
2-0: Ball
3-0: Base on Balls
Marlon Cummins to second
Batting: RHB Ralph McKnight 0-0: Fielders Choice at 2nd, 6-4 (Groundball, 6)
Marlon Cummins to third
Batting: LHB Chris Rice 0-0: Called Strike
0-1: SINGLE (Groundball, 34D)
Marlon Cummins scores
Ralph McKnight to second
Runner from 2nd tries for 3rd, OUT!
Top of the 7th over - 1 run(s), 1 hit(s), 0 error(s), 1 left on base; Augusta 3 - Vermont 1
BOTTOM OF THE 7TH
Vermont Lake Monsters batting - Pitching for Augusta Timber Hawks : RHP Iván Castillo
Now in CF: Claudio Mendoza
Batting: LHB Manny Valentín 0-0: Called Strike
0-1: Foul Ball, location: 2F
0-2: Strikes out swinging
Batting: RHB Raúl Valadez 0-0: Called Strike
0-1: Swinging Strike
0-2: Fly out, F3 (Popup, 3F)
Batting: RHB Teddy Pelham 0-0: Ball
1-0: Foul Ball, location: 2F
1-1: Ball
2-1: Foul Ball, location: 2F
2-2: SINGLE (Groundball, 56D)
Pitching: LHP Santiago Romo
Batting: LHB Mike Blue 0-0: Called Strike
Teddy Pelham is caught stealing 2nd base
Bottom of the 7th over - 0 run(s), 1 hit(s), 0 error(s), 0 left on base; Augusta 3 - Vermont 1
TOP OF THE 8TH
Augusta Timber Hawks batting - Pitching for Vermont Lake Monsters : RHP Ed Jacobs
Pitching: RHP Alberto Robles
Batting: RHB Bob Sargent 0-0: Ground out 1-3 (Groundball, 23)
Batting: RHB Hiwahikeiki Noelani 0-0: Ball
1-0: Ball
2-0: Called Strike
2-1: Swinging Strike
2-2: Foul Ball, location: 2F
2-2: Foul Ball, location: 2F
2-2: Strikes out swinging
Batting: LHB Juan Gabriel 0-0: Ball
1-0: Foul Ball, location: 2F
1-1: Called Strike
1-2: Strikes out looking
Top of the 8th over - 0 run(s), 0 hit(s), 0 error(s), 0 left on base; Augusta 3 - Vermont 1
BOTTOM OF THE 8TH
Vermont Lake Monsters batting - Pitching for Augusta Timber Hawks : LHP Santiago Romo
Batting: LHB Mike Blue 0-0: Ball
1-0: SINGLE (Groundball, 34D)
Pitching: RHP Tom Sosa
Batting: RHB Bronson Nicholls 0-0: Called Strike
0-1: Grounds into double play, 4-6-3 (Groundball, 4M)
Batting: RHB Fernando Castro 0-0: Called Strike
0-1: Called Strike
0-2: Ground out 6-3 (Groundball, 6)
Bottom of the 8th over - 0 run(s), 1 hit(s), 0 error(s), 0 left on base; Augusta 3 - Vermont 1
TOP OF THE 9TH
Augusta Timber Hawks batting - Pitching for Vermont Lake Monsters : RHP Alberto Robles
Batting: RHB Danny Penn 0-0: Called Strike
0-1: Ball
1-1: Swinging Strike
1-2: Strikes out looking
Batting: RHB Enrique Pimentel 0-0: Ball
1-0: Called Strike
1-1: Foul Ball, location: 2F
1-2: Ball
2-2: Foul Ball, location: 2F
2-2: Ball
3-2: Strikes out swinging
Batting: RHB Marlon Cummins 0-0: Foul Ball, location: 2F
0-1: Ball
1-1: Foul Ball, location: 2F
1-2: SINGLE (Line Drive, 89S)
Batting: RHB Claudio Mendoza 0-0: Swinging Strike
0-1: Foul Ball, location: 2F
0-2: Ball
1-2: Ball
2-2: Ball
3-2: Strikes out swinging
Top of the 9th over - 0 run(s), 1 hit(s), 0 error(s), 1 left on base; Augusta 3 - Vermont 1
BOTTOM OF THE 9TH
Vermont Lake Monsters batting - Pitching for Augusta Timber Hawks : RHP Tom Sosa
Pitching: LHP Keith Hall
Batting: RHB Ray John 0-0: Called Strike
0-1: Foul Ball, location: 2F
0-2: Ball
1-2: Foul Ball, location: 2F
1-2: Ball
2-2: SINGLE (Line Drive, 6MD)
Batting: RHB Sean MacKnight 0-0: Ball
1-0: Ball
2-0: Swinging Strike
2-1: Ball
3-1: Grounds into double play, 1-6-3 (Groundball, 15)
Batting: RHB Floyd Mitchell 0-0: Reached on Error, E9 (Flyball, 9D)
Pinch Hitting: RHB Chuck Wolf 0-0: Ground out 6-3 (Groundball, 6M)
Bottom of the 9th over - 0 run(s), 1 hit(s), 1 error(s), 1 left on base; Augusta 3 - Vermont 1
This league is powered by Out of the Park Baseball, the baseball management simulation game for PC, Mac and Linux
Monday, October 3rd, 2016 - OOTP Baseball 16.9 Build 39